 Dungeon Crawl Stone Soup version 0.29.0-4-gdea44cf6ec (webtiles) character file.

Game seed: 16050715574461341696

79 qw the Chopper (level 4, 0/26 HPs)
             Began as a Tengu Warper on Aug 28, 2022.
             Slain by an orc priest
             ... wielding a +0 club
              (1 damage)
             ... on level 3 of the Dungeon.
             The game lasted 00:00:12 (2486 turns).

qw the Chopper (Tengu Warper)                       Turns: 2486, Time: 00:00:13

Health: 0/26       AC: 10    Str: 13    XL:     4   Next: 38%
Magic:  8/8        EV:  3    Int: 14    God:
Gold:   974        SH:  0    Dex: 13    Spells: 7/7 levels left

rFire   . . .      SeeInvis .   Y - +1 hand axe
rCold   . . .      Faith    .   (no shield)
rNeg    . . .      Spirit   .   b - +0 plate armour
rPois   .          Reflect  .   (helmet restricted)
rElec   .          Harm     .   (no cloak)
rCorr   .          Rampage  .   (no gloves)
Will    .....                   (boots unavailable)
Stlth   ..........              (no amulet)
HPRegen 0.08/turn               (no ring)
MPRegen 0.11/turn               (no ring)

@: no status effects
A: beak, talons 3
a: no special abilities


You were on level 3 of the Dungeon.
You visited 1 branch of the dungeon, and saw 3 of its levels.

You collected 974 gold pieces.


Innate Abilities, Weirdness & Mutations

You have a beak for a mouth.
You have claws for feet.


   Skills:
 - Level 2.0 Fighting
 - Level 4.7 Axes
 - Level 1.0 Throwing
 + Level 1.8 Armour
 - Level 2.1 Dodging
 - Level 2.0 Spellcasting
 - Level 2.4 Translocations


You had 7 spell levels left.
You didn't know any spells.
Your spell library contained the following spells:

 Spells                   Type           Power      Damage    Failure   Level
 Blink                    Tloc           16%        N/A       100%        2
 Gell's Gravitas          Tloc           8%         N/A       100%        3
 Lesser Beckoning         Tloc           8%         N/A       100%        3
 Teleport Other           Tloc           8%         N/A       100%        3
 Manifold Assault         Tloc           8%         N/A       100%        5

Inventory:

Hand Weapons
 k - a +0 whip
 Y - a +1 hand axe (weapon)
Missiles
 j - a boomerang (quivered)
Armour
 b - a +0 plate armour (worn)
Scrolls
 c - a scroll of identify
 d - a scroll of butterflies {unknown}
Potions
 a - 2 potions of curing {unknown}
 e - a potion of berserk rage {unknown}
 f - a potion of magic {unknown}
 g - a potion of brilliance {unknown}
 i - 3 potions of resistance {unknown}
 l - a potion of mutation {unknown}

Dungeon Overview and Level Annotations

Branches:
Dungeon (3/15)

Altars:
Yredelemnul


Message History

Beogh smites you!
Ouch! That really hurt!
You hit the orc. You claw the orc, but do no damage.
You peck the orc, but do no damage.
The orc is lightly wounded.
You hit the hobgoblin. The orc hits you but does no damage.
The hobgoblin hits you but does no damage.
You hit the hobgoblin.
You kill the hobgoblin!
You hit the orc but do no damage. The orc hits you with a +0 mace.
You hit the orc priest but do no damage.
You hit the orc but do no damage. The orc hits you but does no damage.
The orc priest hits you but does no damage.
You hit the orc priest but do no damage.
Your peck misses the orc priest. You hit the orc but do no damage. x2
The orc barely misses you.
The orc priest hits you but does no damage.
The orc hits you but does no damage.
You closely miss the orc priest. You hit the orc.
You hit the orc but do no damage. You hit the orc. The orc barely misses you.
The orc hits you with a +0 mace. The orc hits you but does no damage.
The orc priest hits you but does no damage.
The orc hits you but does no damage.
You barely miss the orc. You claw the orc.
The orc is severely wounded.
You closely miss the orc priest. You hit the orc but do no damage.
You hit the orc. The orc hits you with a +0 mace.
The orc hits you but does no damage.
The orc priest hits you but does no damage.
The orc hits you with a +0 short sword.
You barely miss the orc.
The orc is severely wounded.
You barely miss the orc priest. You hit the orc but do no damage. x2
The orc hits you but does no damage. The orc barely misses you.
The orc hits you with a +0 falchion. The orc priest hits you with a +0 club.
You die...

..##........ ##.###.##.#
..... . .............
..###.. .............#
.....................# .
.....................#..
....# ................
..>.# ................
....####.##......o...#..
......#.. #.#..@o......
....#.#.# #....oo......
....#...# ###..........
#(####..# #.######...
#.####..######.### ..
#...........##...# #
............####.#
............# #.#
#...........####.######.


You could see an orc priest and 3 orcs.

Vanquished Creatures
  3 adders (D:2)
  A dart slug (D:1)
  2 orcs (D:3)
  5 ball pythons
  4 bats
  5 endoplasms
  2 giant cockroaches (D:3)
  4 goblins
  5 hobgoblins
  3 quokkas
  A frilled lizard (D:1)
  3 kobolds
  5 rats
43 creatures vanquished.

Vanquished Creatures (others)
  A withered plant (D:2)
1 creature vanquished.

Grand Total: 44 creatures vanquished

Notes
Turn   | Place    | Note
-------+----------+-------------------------------------------
     0 | D:1      | qw the Tengu Warper began the quest for the Orb.
     0 | D:1      | Reached XP level 1. HP: 12/12 MP: 4/4
     0 | D:1      | 0 ||| qw: Version: 0.1-a-89-g26bdef1
     0 | D:1      | 0 ||| qw: Game counter: 3276
     0 | D:1      | 0 ||| qw: Always use a shield: true
     0 | D:1      | 0 ||| qw: God list: Okawaru
     0 | D:1      | 0 ||| qw: Allow faded altars: false
     0 | D:1      | 0 ||| qw: Do Orc after D:15 true
     0 | D:1      | 0 ||| qw: Do second Lair branch before Depths: true
     0 | D:1      | 0 ||| qw: Lair rune preference: random
     0 | D:1      | 0 ||| qw: Plans: Normal
     0 | D:1      | 0 ||| PLANNING D:1-11
   252 | D:1      | 252 ||| Stepping ~*~*~tactically~*~*~ (stealth).
   309 | D:1      | Reached skill level 3 in Axes
   309 | D:1      | Reached XP level 2. HP: 17/17 MP: 6/6
   941 | D:1      | 941 ||| UPGRADING to +0 scale mail.
   951 | D:1      | 951 ||| DROPPING +0 leather armour.
   952 | D:1      | 952 ||| DROPPING ring of wizardry.
   953 | D:1      | 953 ||| READING scroll labelled YTANAY YROE.
   954 | D:1      | 954 ||| READING scroll labelled OHAOSCH PYKOKOM.
   954 | D:1      | Identified a scroll of acquirement
   954 | D:1      | 954 ||| ACQUIRING 863 gold pieces
   954 | D:1      | Acquired 863 gold pieces
   956 | D:1      | 956 ||| READING scroll labelled SIMY XIGURCHATH.
   957 | D:1      | 957 ||| READING scroll labelled PEOFIOSHEG.
   958 | D:1      | 958 ||| READING scroll labelled HYCVOC WOULIB.
   961 | D:1      | 961 ||| DROPPING scroll of blinking.
  1111 | D:2      | Reached XP level 3. HP: 11/21 MP: 7/7
  1258 | D:2      | Found a faded altar of an unknown god.
  1400 | D:2      | Reached skill level 4 in Axes
  1767 | D:2      | Reached XP level 4. HP: 26/26 MP: 8/8
  1948 | D:2      | Found a basalt altar of Yredelemnul.
  2205 | D:2      | 2205 ||| UPGRADING to +0 plate armour.
  2215 | D:2      | 2215 ||| DROPPING +0 scale mail.
  2485 | D:3      | HP: 4/26 [orc/+0 mace (6)]
  2486 | D:3      | HP: 1/26 [orc/+0 falchion (1)]
  2486 | D:3      | Slain by an orc priest

Levels and vault maps discovered:
D:1:      psy_arrival_radial01, layout_basic, minmay_vboxes
D:2:      layout_loops_corners, ebering_ecumenical_altar_petrified, basic_altar,
          nicolae_figureground_sparkle
D:3:      layout_rooms

Skill      XL: |  1  2  3 |
---------------+----------+-----
Axes           | 3 4 |  4.7
Fighting       | |  2.0
Throwing       | |  1.0
Armour         | |  1.8
Dodging        | |  2.1
Spellcasting   | |  2.0
Translocations | |  2.4

Action                   |  1- 3 |  4- 6 || total
-------------------------+-------+-------++-------
Melee: Hand axe          |    56 |    32 ||    88
       Peck              |     6 |     7 ||    13
       Kick              |     4 |     8 ||    12
Throw: Boomerang         |    16 |    20 ||    36
  Use: Scroll            |     5 |       ||     5
Armor: Scale mail        |    25 |     5 ||    30
       Leather armour    |     3 |       ||     3
       Plate armour      |       |    22 ||    22
Dodge: Dodged            |    25 |     7 ||    32

Table legend:
 A = Non-vault XP
 B = Vault XP
 C = Vault XP percentage of total XP
 D = Non-vault monster count
 E = Vault monster count
 F = Vault count percentage of total count
                 A         B        C        D         E       F
            +---------+---------+-------+---------+---------+-------
      Total |     103 |      11 |   9.6 |      38 |       5 |  11.6
            +---------+---------+-------+---------+---------+-------
        D:1 |      15 |      11 |  42.3 |       8 |       5 |  38.5
        D:2 |      63 |       0 |   0.0 |      17 |       0 |   0.0
        D:3 |      25 |       0 |   0.0 |      13 |       0 |   0.0
            +---------+---------+-------+---------+---------+-------
